 Dungeon Crawl Stone Soup version 0.21-a0-552-g593960d (webtiles) character file.

8 Alarkh the Digger (level 2, 19/19 HPs)
             Began as a Demonspawn Earth Elementalist on Dec 17, 2017.
             Got out of the dungeon alive.
             The game lasted 00:00:17 (249 turns).

Alarkh the Digger (Demonspawn Earth Elementalist)    Turns: 249, Time: 00:00:18

Health: 19/19      AC:  2    Str:  8    XL:     2   Next: 0%
Magic:  5/5        EV: 12    Int: 16    God:
Gold:   26         SH:  0    Dex: 13    Spells: 4/5 levels left

rFire    . . .     SeeInvis .   (no weapon)
rCold    . . .     Gourm    .   (no shield)
rNeg     . . .     Faith    .   c - +0 robe
rPois    .         Spirit   .   (no helmet)
rElec    .         Reflect  .   (no cloak)
rCorr    .         Harm     .   (no gloves)
MR       .....                  (no boots)
Stlth    ++........             f - amulet of rage
HPRegen  0.06/turn              (no ring)
MPRegen  0.09/turn              (no ring)

@: no status effects
A: rot immunity
a: Evoke Berserk Rage


You escaped.
You were not hungry.

You visited 1 branch of the dungeon, and saw 1 of its levels.

You collected 26 gold pieces.

Inventory:

Missiles
 b - 62 stones (quivered)
Armour
 c - a +0 robe (worn)
Jewellery
 f - an amulet of rage (around neck)
Scrolls
 g - a scroll of enchant armour {unknown}
Books
 e - a book of Geomancy

   Spells                             Type                      Level
   a - Sandblast                      Earth                        1
   b - Passwall                       Transmutation/Earth          2
   c - Stone Arrow                    Conjuration/Earth            3
   d - Petrify                        Transmutation/Earth          4
   e - Lee's Rapid Deconstruction     Earth                        5
Comestibles
 a - a chunk of flesh
 d - a bread ration


   Skills:
 - Level 1.7 Dodging
 - Level 1.7 Stealth
 + Level 2.3 Spellcasting
   Level 0.8 Transmutations
 + Level 3.0 Earth Magic


You had 4 spell levels left.
You knew the following spells:

 Your Spells              Type           Power        Failure   Level  Hunger
a - Sandblast             Erth           ##....       6%          1    #......


Dungeon Overview and Level Annotations

Branches:
Dungeon (1/15)

Altars:


Innate Abilities, Weirdness & Mutations

You are immune to rotting.


Message History

The leopard gecko hisses angrily.
Casting: Sandblast
Confirm with . or Enter, or press ? or * to list all spells.
Aiming: Sandblast
Press: ? - help, Shift-Dir - straight line, f - leopard gecko
Aim: a leopard gecko (clinging)
The blast of sand hits the leopard gecko.
You kill the leopard gecko!
Your Earth Magic skill increases to level 3!
You have reached level 2!
Your demonic ancestry asserts itself...
You feel immune to rotting.
b - 62 stones A bat comes into view.
Found a scroll labeled FIMASU ADEEXT.
Found a stone staircase leading down.
A bat is nearby!
You see here a hand axe.
There is a staircase leading out of the dungeon here.
Are you sure you want to leave the Dungeon?
This will make you lose the game!
You have escaped!

#.######### #.........#
####.#######(# #######
#..#.......# #.....#
#..#...###.# #...).####
#..#.....#.#
#.(......#######..#.#.#.#.#
#......#......##..#.#.#.#.#
.##......#..).@.'#..#.#...#.#
....##...#......#'..#.#####.#
###......############.......#
####...##...........#######.#
###....##................#
#.......################
#.......# #####.......#
#...........#


There were no monsters in sight!

Vanquished Creatures
  2 leopard geckos (D:1)
  A kobold (D:1)
  A ball python (D:1)
  A bat (D:1)
  2 rats (D:1)
7 creatures vanquished.

Notes
Turn   | Place    | Note
-------+----------+-------------------------------------------
     0 | D:1      | Alarkh the Demonspawn Earth Elementalist began the quest for the Orb.
     0 | D:1      | Reached XP level 1. HP: 13/13 MP: 3/3
   188 | D:1      | Reached skill level 3 in Earth Magic
   188 | D:1      | Gained mutation: You are immune to rotting. [demonic ancestry]
   188 | D:1      | Reached XP level 2. HP: 19/19 MP: 3/5
   249 | D:$      | Got out of the dungeon alive.

Vault maps used:
D:1:      dpeg_arrival_connections

Skill      XL: |  1 |
---------------+----+-----
Earth Magic    | 3 |  3.0
Dodging        | |  1.7
Stealth        | |  1.7
Spellcasting   | |  2.3
Transmutations | |  0.8

Action                   || total
-------------------------++-------
 Cast: Sandblast         ||     7
Dodge: Dodged            ||     4

Table legend:
 A = Spawn XP
 B = Non-spawn XP
 C = Spawn XP percentage of total XP
 D = Spawn monster count
 E = Non-spawn monster count
 F = Spawn count percentage of total count
 G = Total turns spent on level
                    A         B        C        D         E        F      G
               +---------+---------+-------+---------+---------+-------+---------
         Total |       0 |      12 |   0.0 |       0 |       7 |   0.0 |   249
               +---------+---------+-------+---------+---------+-------+---------
           D:1 |       0 |      12 |   0.0 |       0 |       7 |   0.0 |   249
               +---------+---------+-------+---------+---------+-------+---------
